 Dungeon Crawl Stone Soup version 0.21-a0-15-g606531c (webtiles) character file.

788 galech the Ruffian (level 7, 0/67 HPs)
             Began as a Troll Monk on May 23, 2017.
             Slain by Prince Ribbit (5 damage)
             ... on level 5 of the Dungeon.
             The game lasted 00:04:13 (2998 turns).

galech the Ruffian (Troll Monk)                     Turns: 2998, Time: 00:04:14

Health: 0/67       AC:  5    Str: 22    XL:     7   Next: 56%
Magic:  6/6        EV: 11    Int:  6    God:
Gold:   187        SH:  0    Dex: 12    Spells: 6/6 levels left

rFire    . . .     SeeInvis .     - Unarmed
rCold    . . .     Gourm    +   (no shield)
rNeg     + . .     Faith    .   a - +0 robe
rPois    .         Spirit   .   (helmet restricted)
rElec    .         Reflect  .   (no cloak)
rCorr    .         Harm     .   (gloves unavailable)
MR       .....                  (boots unavailable)
Stlth    ++........             (no amulet)
Regen    0.7/turn               l - ring of positive energy
MPRegen  0.1/turn               (no ring)

@: no status effects
A: unfitting armour, claws 3, fast metabolism 3, gourmand, regeneration 1,
shaggy fur 1, tough skin 2
a: no special abilities


You were on level 5 of the Dungeon.
You were completely stuffed.

You visited 1 branch of the dungeon, and saw 5 of its levels.

You collected 187 gold pieces.

Inventory:

Armour
 a - a +0 robe (worn)
Jewellery
 l - a ring of positive energy (left claw)
Wands
 x - a wand of random effects (26/48)
Scrolls
 e - 2 scrolls of immolation {unknown}
 g - 3 scrolls of teleportation {unknown}
 h - 2 scrolls of fog {unknown}
 i - a scroll of blinking {unknown}
 o - 2 scrolls of identify {unknown}
 q - 2 scrolls of amnesia {unknown}
 r - 2 scrolls of enchant armour {unknown}
 w - a scroll of recharging {unknown}
 y - a scroll of magic mapping {unknown}
Potions
 c - a potion of cancellation {unknown}
 f - 5 potions of degeneration {unknown}
 k - a potion of flight {unknown}
 n - a potion of agility {unknown}
 p - a potion of magic {unknown}
 s - a potion of heal wounds {unknown}
 t - a potion of lignification {unknown}
 u - a potion of mutation {unknown}
 z - a potion of haste {unknown}
Books
 v - a book of Maledictions

   Spells                             Type                      Level
   a - Corona                         Hexes                        1
   b - Ensorcelled Hibernation        Hexes/Ice                    2
   c - Confuse                        Hexes                        3
   d - Tukima's Dance                 Hexes                        3
   e - Dazzling Spray                 Conjuration/Hexes            3
 A - a book of Minor Magic

   Spells                             Type                      Level
   a - Magic Dart                     Conjuration                  1
   b - Blink                          Translocation                2
   c - Call Imp                       Summoning                    2
   d - Slow                           Hexes                        2
   e - Conjure Flame                  Conjuration/Fire             3
   f - Mephitic Cloud                 Conjuration/Poison/Air       3
 B - a book of Callings

   Spells                             Type                      Level
   a - Summon Small Mammal            Summoning                    1
   b - Call Imp                       Summoning                    2
   c - Call Canine Familiar           Summoning                    3
   d - Summon Guardian Golem          Hexes/Summoning              3
   e - Summon Lightning Spire         Summoning/Air                4
   f - Summon Ice Beast               Ice/Summoning                4
Comestibles
 b - 4 bread rations
 d - 3 royal jellies
 j - 2 meat rations


   Skills:
 + Level 3.3 Fighting
 + Level 4.0 Dodging
 + Level 2.0 Stealth
 + Level 7.0 Unarmed Combat


You had 6 spell levels left.
You didn't know any spells.

Dungeon Overview and Level Annotations

Branches:
Dungeon (5/15)
 Temple: D:4-7

Altars:
Elyvilon
Sif Muna
Trog

Annotations:
D:5 Prince Ribbit


Innate Abilities, Weirdness & Mutations

You are too large for most types of armour.
You have claws for hands.
Your metabolism is lightning-fast.
You like to eat raw meat.
Your natural rate of healing is unusually fast.
You are covered in fur. (AC +1)
You have very tough skin. (AC +2)


Message History

You are too injured to fight recklessly!
You are too injured to fight recklessly!
You miss Prince Ribbit.
Prince Ribbit is heavily wounded.
Prince Ribbit misses you.
You miss Prince Ribbit.
Prince Ribbit is heavily wounded.
Prince Ribbit blinks!
You miss Prince Ribbit.
Prince Ribbit is heavily wounded.
Prince Ribbit hits you!
You claw Prince Ribbit!
Prince Ribbit is severely wounded.
Prince Ribbit lets out a mournful croak.
Prince Ribbit hits you but does no damage.
Prince Ribbit hits you!!
* * * LOW HITPOINT WARNING * * *
Prince Ribbit lets out a mournful croak.
Prince Ribbit hits you.
You die...

..#### #.# .# .....
#.# #.# #.#### #.#
#.# #.. #.### #.#
#..# #.$.###.#
#.........#.....#####
#.........#.....!...#
#.#.<..#.....###.# #
#.#######..@...# #.
#....F###.###. #
#.##.......... #
######.####


You could see Prince Ribbit.

Vanquished Creatures
  Grinder (D:3)
  Eustachio (D:4)
  A water moccasin (D:4)
  A hound (D:4)
  2 orc priests (D:4)
  3 orc wizards (D:4)
  A worker ant (D:4)
  A howler monkey skeleton (D:4)
  3 adders
  2 adder skeletons (D:4)
  3 worms
  3 dart slugs
  3 leopard geckos
  8 orcs
  9 giant cockroaches
  10 goblins
  6 hobgoblins
  9 jackals
  8 kobolds
  A quokka (D:3)
  2 ball pythons
  5 bats
  6 frilled lizards
  A leopard gecko skeleton (D:5)
  11 rats
101 creatures vanquished.

Vanquished Creatures (others)
  A dart slug (D:2)
1 creature vanquished.

Grand Total: 102 creatures vanquished

Notes
Turn   | Place    | Note
-------+----------+-------------------------------------------
     0 | D:1      | galech the Troll Monk began the quest for the Orb.
     0 | D:1      | Reached XP level 1. HP: 22/22 MP: 0/0
   146 | D:1      | Reached XP level 2. HP: 29/29 MP: 1/1
   378 | D:1      | Reached XP level 3. HP: 36/36 MP: 2/2
   590 | D:2      | Found a bloodstained altar of Trog.
   925 | D:2      | Reached XP level 4. HP: 44/44 MP: 3/3
  1036 | D:2      | Found a white marble altar of Elyvilon.
  1443 | D:3      | Reached skill level 4 in Unarmed Combat
  1776 | D:3      | Noticed Grinder
  1790 | D:3      | Killed Grinder
  1790 | D:3      | Reached skill level 5 in Unarmed Combat
  1790 | D:3      | Reached XP level 5. HP: 36/53 MP: 4/4
  1790 | D:3      | Reached XP level 6. HP: 42/61 MP: 5/5
  1943 | D:3      | Found a deep blue altar of Sif Muna.
  2404 | D:4      | Noticed a water moccasin
  2410 | D:4      | Killed a water moccasin
  2410 | D:4      | Reached skill level 6 in Unarmed Combat
  2419 | D:4      | Noticed Eustachio
  2431 | D:4      | Killed Eustachio
  2431 | D:4      | Reached XP level 7. HP: 53/67 MP: 6/6
  2724 | D:4      | Reached skill level 7 in Unarmed Combat
  2926 | D:5      | Entered Level 5 of the Dungeon
  2980 | D:5      | Noticed Prince Ribbit
  2998 | D:5      | Slain by Prince Ribbit

Vault maps used:
D:1:      shiori_arrival_elements
D:2:      old_standard_altar, elyvilon_altar_4
D:3:      nicolae_overflow_hidden_temple, uniq_grinder
D:4:      uniq_eustachio
D:5:      first_bread, uniq_prince_ribbit1, uniq_ijyb

Skill      XL: |  1  2  3  4  5  6  7 |
---------------+----------------------+-----
Dodging        | 3 4 |  4.0
Unarmed Combat | 5 6 7 |  7.0
Fighting       | 3 |  3.3
Stealth        | 2 |  2.0

Action                   |  1- 3 |  4- 6 |  7- 9 || total
-------------------------+-------+-------+-------++-------
Melee: Unarmed           |   114 |   129 |    62 ||   305
       Punch             |       |     1 |     3 ||     4
 Stab: Sleeping          |     5 |     4 |     1 ||    10
  Eat: Chunk             |    14 |    14 |     5 ||    33
Armor: Robe              |    45 |    43 |    15 ||   103
Dodge: Dodged            |    64 |    68 |    28 ||   160
